Map: Stargazers

Players

Solar

  • Race: Zerg Zerg
  • Spawn Location: 11:00

Serral - Winner!

  • Race: Zerg Zerg
  • Spawn Location: 1:00

Event: TSL 9

VOD

Have the link to the VOD?

Description

Time

  • Played on: July 29, 2022, 6:37 a.m.
  • Length: 7:20

All games in this series

Show
View Real Time Build Order
Export as new Build Order

Solar Zerg 

Build Orders: Pool First, Roach Nydus 

Get SALT Encoding   

  12  0:17  Spawning Pool  
  11  0:22  Drone  
  11  0:26  Drone  
  13  0:30  Drone  
  14  0:39  Overlord  
  14  1:04  Zergling x4  
  16  1:05  Zergling x2  
  17  1:15  Zergling x2  
  18  1:19  Hatchery  
  17  1:26  Zergling x2  
  18  1:34  Queen  
  18  1:37  Zergling x2  
  21  1:48  Overlord  
  21  1:59  Drone  
  22  2:09  Queen, Drone  
  25  2:22  Drone  
  21  2:31  Drone  
  21  2:32  Zergling x2, Queen  
  25  2:37  Extractor  
  25  2:42  Drone x3  
  27  2:45  Drone  
  28  2:53  Drone x2  
  30  3:03  Drone  
  30  3:06  Drone  
  31  3:14  Overlord  
  31  3:15  Drone  
  31  3:17  Drone  
  31  3:19  Drone  
  34  3:23  Drone  
  35  3:28  Drone x2  
  35  3:29  Evolution Chamber  
  34  3:36  Drone  
  35  3:41  Drone x4  
  35  3:43  Lair  
  39  3:50  Roach Warren  
  39  3:52  Drone  
  39  3:54  Drone  
  40  3:59  Overlord  
  40  4:01  Extractor x2  
  38  4:05  Drone  
  38  4:06  Overlord  
  39  4:12  Queen  
  39  4:13  Evolution Chamber  
  40  4:19  Overlord  
  40  4:20  Drone  
  45  4:31  Roach x3  
  47  4:41  Roach  
  47  4:42  Nydus Network  
  48  4:54  Overlord  
  48  4:56  Roach  
  50  5:00  Roach  
  50  5:02  Overlord  
  50  5:04  Roach  
  50  5:05  Roach x3  
  60  5:09  Roach  
  62  5:14  Roach  
  62  5:20  Nydus Canal  
  63  5:23  Roach x2  
  67  5:29  Overlord  
  67  5:35  Nydus Canal  
  67  5:36  Roach  
  67  5:37  Roach  
  71  5:43  Roach x2  
  75  5:53  Nydus Canal  
  75  5:54  Roach  
  77  5:57  Roach  
  77  6:00  Roach  
  77  6:04  Roach  
  83  6:09  Roach x2  
  83  6:21  Nydus Canal  
  83  6:22  Roach  
  83  6:25  Roach  
  85  6:28  Roach  
  85  6:32  Roach  
  80  6:34  Roach  
  74  6:40  Roach  
  74  6:45  Roach  
  70  6:51  Roach  
  62  6:55  Roach  
Show
View Real Time Build Order
Export as new Build Order

Serral Zerg - Winner!

Build Orders: Hatch First 

Get SALT Encoding   

  12  0:00  Drone  
  13  0:12  Overlord  
  13  0:17  Drone  
  14  0:30  Drone x2  
  16  0:48  Hatchery  
  15  0:51  Drone  
  15  0:55  Drone  
  17  0:58  Drone  
  18  1:09  Extractor  
  17  1:13  Spawning Pool  
  17  1:16  Drone  
  17  1:20  Drone  
  18  1:27  Drone  
  19  2:00  Zergling x8  
  19  2:01  Queen  
  27  2:11  Zergling x2  
  27  2:14  Overlord  
  26  2:31  Hatchery  
  25  2:48  Metabolic Boost  
  25  2:54  Overlord  
  22  3:10  Hatchery  
  22  3:12  Drone  
  21  3:16  Drone  
  21  3:19  Drone  
  23  3:21  Drone  
  23  3:24  Drone  
  25  3:27  Drone  
  25  3:34  Drone  
  26  3:41  Drone x2  
  26  3:43  Zergling x2  
  29  3:49  Queen  
  29  3:52  Zergling x2  
  29  3:54  Drone  
  33  4:00  Zergling x2  
  33  4:01  Drone  
  35  4:05  Baneling Nest  
  35  4:07  Drone x2  
  36  4:16  Overlord  
  37  4:17  Drone x3  
  39  4:26  Evolution Chamber  
  39  4:28  Drone  
  39  4:29  Drone  
  39  4:30  Drone x2  
  43  4:34  Evolution Chamber  
  43  4:35  Queen  
  45  4:40  Drone x3  
  48  4:46  Drone x3, Extractor  
  48  4:47  Drone  
  51  4:55  Roach Warren  
  51  4:57  Drone  
  51  5:00  Zerg Ground Armor Level 1  
  51  5:02  Overlord  
  51  5:03  Zergling x2  
  51  5:05  Zergling x2  
  53  5:09  Zergling x6  
  53  5:12  Overlord  
  56  5:16  Overlord  
  56  5:23  Zergling x10  
  56  5:26  Spine Crawler  
  60  5:29  Spine Crawler  
  59  5:37  Roach x3  
  65  5:45  Roach x4  
  65  5:49  Evolution Chamber  
  72  5:55  Roach x3  
  79  5:58  Overlord  
  79  6:03  Drone  
  81  6:06  Zergling x2  
  81  6:07  Overlord  
  78  6:14  Roach x3  
  78  6:17  Zergling x10  
  86  6:19  Ravager  
  86  6:20  Spine Crawler  
  86  6:26  Zergling x2, Roach  
  86  6:29  Roach  
  86  6:32  Zergling x4  
  86  6:40  Roach  
  86  6:42  Roach  
  86  6:43  Roach  
  80  6:51  Roach  
  80  6:53  Roach  
  76  6:55  Roach  
Tags
 
Event
TSL 9
Matchup
ZvZ
Race
Zerg
Spawn Locations
Close Positions
Strategy
Roach Nydus
Add a new tag
Caveats
  • Supply blocks, unpowered buildings, or Contaminate may cause inaccurate times.
  • Supply counts are checked every 10 seconds.